 Dungeon Crawl Stone Soup version 0.30-a0-172-gc5509c9e31 (webtiles) character file.

Game seed: 13622397717850914864

67378 qw the Severer (level 15, -10/96 HPs)
             Began as a Gargoyle Fighter on Oct 1, 2022.
             Was a High Priest of Okawaru.
             Mangled by Rupert
             ... wielding a +2 great sword of distortion
              (15 damage)
             ... on level 13 of the Dungeon.
             The game lasted 00:09:03 (20009 turns).

qw the Severer (Gargoyle Fighter)                  Turns: 20009, Time: 00:09:03

Health: -10/96     AC: 49    Str: 23    XL:     15   Next: 23%
Magic:  22/22      EV:  9    Int: 11    God:    Okawaru [*****.]
Gold:   1175       SH:  8    Dex: 17    Spells: 14/14 levels left

rFire   + + .      SeeInvis .    Y - +9 war axe
rCold   + . .      Faith    .    A - +2 buckler {reflect}
rNeg    + . .      Spirit   .    w - +13 plate armour of the Onion {rF++ Stlth+}
rPois   inf        Reflect  +    g - +1 helmet
rElec   +          Harm     .    h - +0 cloak
rCorr   .          Rampage  .    p - +1 pair of gloves
Will    ++...                    a - +2 pair of boots of Mitir {Int+2}
Stlth   ..........               f - amulet of regeneration
HPRegen 1.16/turn                v - ring of protection from fire
MPRegen 0.18/turn                j - ring of ice

@: flying
A: sickness immunity, AC +11, big wings, negative energy resistance 1,
electricity resistance, torment resistance 1, petrification resistance, agile 2,
strong-willed 1
a: Renounce Religion, Heroism, Finesse, Duel


You were on level 13 of the Dungeon.
You worshipped Okawaru.
Okawaru was extremely pleased with you.
You visited 2 branches of the dungeon, and saw 18 of its levels.

You collected 1471 gold pieces.
You spent 296 gold pieces at shops.


Innate Abilities, Weirdness & Mutations

You are immune to sickness and miasma.
Your stone body is resilient. (AC +11)
You are immune to poison.
Your large and strong wings let you fly.
You resist negative energy. (rN+)
You are resistant to electric shocks. (rElec)
You are resistant to unholy torment.
You are immune to petrification.
You are very agile. (Dex +8, Str/Int -2)
You are strong-willed. (Will+)


   Skills:
 + Level 12.1 Fighting
 - Level 16.0 Axes
 - Level 6.0 Throwing
 - Level 12.0 Armour
 - Level 4.0 Dodging
 - Level 8.0 Shields
 - Level 10.0 Invocations


You had 14 spell levels left.
You didn't know any spells.
Your spell library was empty.

Inventory:

Hand Weapons
 y - a +0 war axe of flaming
 Y - a +9 war axe (weapon)
Missiles
 l - 5 boomerangs (quivered)
Armour
 a - the +2 pair of boots of Mitir (worn) {Int+2}
   (Okawaru gifted it to you on level 5 of the Lair of Beasts)

   Int:       It affects your intelligence (+2).
 g - a +1 helmet (worn)
 h - a +0 cloak (worn)
 o - the +1 ring mail of Tenacity {Drain +Inv rCorr Dex+4}
   (Okawaru gifted it to you on level 5 of the Lair of Beasts)

   Dex:       It affects your dexterity (+4).
   +Inv:      It lets you turn invisible.
   rCorr:     It protects you from acid and corrosion.
   Drain:     It drains your maximum health when unequipped.
 p - a +1 pair of gloves (worn)
 w - the +13 plate armour of the Onion (worn) {rF++ Stlth+}
   (You found it on level 5 of the Lair of Beasts)

   rF:        It greatly protects you from fire.
   Stlth:     It makes you more stealthy.
 A - a +2 buckler of reflection (worn)
Jewellery
 e - a ring of fire
 f - an amulet of regeneration (around neck)
 j - a ring of ice (right hand)
 u - a ring of ice
 v - a ring of protection from fire (left hand)
Scrolls
 q - 9 scrolls of identify
Potions
 b - a potion of resistance
 d - 2 potions of might
 i - 5 potions of mutation
 k - 2 potions of haste
 n - 6 potions of curing
 r - 2 potions of lignification
 s - 2 potions of attraction
 t - 3 potions of cancellation

Dungeon Overview and Level Annotations

Branches:
Dungeon (13/15)            Temple (0/1) D:5            Lair (5/5) D:10
 Shoals (0/4) Lair:3       Spider (0/4) Lair:2        Slime (0/5) Lair:4
    Orc (0/2) D:9
 Vaults: D:13-14

Altars:
Cheibriados
Fedhas
Hepliaklqana
Okawaru
Vehumet
Wu Jian
Zin
Jiyva

Shops:
D:9 (   D:11 [

Annotations:
D:3 1 runed translucent door, Crazy Yiuf
D:13 Rupert
Lair:3 3 runed translucent doors, qw's ghost, journeyman GrFi
Lair:4 2 transporters


Message History

Deactivating autopickup; reactivate with Ctrl-A.
There is an open door here.
Enter note:
Enter note:
Enter note:
Enter note: You swing at nothing.
You suddenly lose the ability to move!
The orc hits you but does no damage.
You can move again.
You slash the orc!
You kill the orc!
You swing at nothing.
You swing at nothing.
You swing at nothing.
You swing at nothing.
You swing at nothing.
Something tries to affect you, but you resist.
You swing at nothing.
You swing at nothing.
You slash something! Something hits you. Space warps around you.
You hit something but do no damage. Something hits you but does no damage.
Space warps around you.
You slash something! You block something's attack.
You slash something! Something hits you. Space warps horribly around you!
You miss something. Something hits you!! Space warps horribly around you!
You slash something! Something hits you!
You blink.
You swing at nothing.
You swing at nothing.
You swing at nothing.
You swing at nothing.
You hear a shout!
You slash something! Something hits you!! Space warps horribly around you!
You die...

#................#...........#
#................#............ ##
#####...##'#######............ .#
#####..................... .#
#............o........ .#
#..................... .#
#.........###'#######. .#
#........)#.........#. .#
#....@....'.........#. .#
#.........#.........#. .#
#######.........#..########.
.#####....<..###+#####..####...#.
.....#.......#.................#.
.....#.......#.................#.
.....#.......#.................#.
.....#.......#.................#.
.....%.......#................%'.


There were no monsters in sight!

Vanquished Creatures
  Jorgrun (D:12)
  Nessos (D:13)
  5 dire elephants (Lair:5)
  Snorg (Lair:3)
  Harold (D:10)
  Fannar (D:11)
  4 hydras
  2 catoblepae
  4 boulder beetles
  A death yak (Lair:5)
  4 two-headed ogres
  A tengu warrior (D:13)
  A spectral dire elephant (Lair:5)
  Nergalle (Lair:1)
  5 skeletal warriors (D:12)
  3 spectral death yaks (Lair:5)
  A spectral anaconda (Lair:5)
  A lindwurm (Lair:5)
  Lodul (D:11)
  An obsidian statue (Lair:5)
  4 necromancers (Lair:5)
  3 ugly things
  2 cyclopes
  A manticore (Lair:3)
  9 black mambas
  Maurice (D:8)
  18 elephants
  4 cane toads
  A gargoyle (D:12)
  4 demonic crawlers (D:13)
  4 rime drakes
  5 komodo dragons
  2 unseen horrors
  3 tengu conjurers
  A dire elephant skeleton (Lair:5)
  A wind drake (Lair:3)
  11 trolls
  3 polar bears
  A hornet (D:9)
  4 slime creatures (D:12)
  30 blink frogs
  Prince Ribbit (D:7)
  5 dream sheep (Lair:5)
  A spectral elephant (Lair:5)
  A shadow (D:10)
  3 wraiths
  20 yaks
  3 humans (D:8)
  4 wyverns
  3 basilisks
  A hog (shapeshifter) (D:13)
  A steam dragon (D:6)
  A vampire mosquito (D:13)
  A spectral cane toad (Lair:5)
  4 acid dragons
  7 water moccasins
  11 black bears
  A sky beast (D:7)
  An ice beast (D:8)
  An elephant zombie (Lair:5)
  9 ogres
  12 wolves
  A phantom (D:5)
  8 centaurs
  4 kobold brigands
  5 bullfrogs
  2 gnoll sergeants
  3 scorpions
  10 wights
  5 killer bees (D:11)
  3 electric eels
  3 howler monkeys
  11 hounds
  2 jellies
  3 orc priests
  A gnoll bouda (D:6)
  An iguana (D:6)
  4 orc wizards
  4 hell rats (Lair:3)
  15 gnolls
  8 adders
  A shadow imp (D:7)
  3 ufetubi
  3 worms
  A dart slug (D:2)
  31 orcs
  9 endoplasms
  4 giant cockroaches
  7 goblins
  6 hobgoblins
  7 jackals
  3 quokkas
  9 ball pythons
  8 bats
  2 frilled lizards
  43 kobolds
  3 rats
476 creatures vanquished.

Vanquished Creatures (others)
  A bush (D:10)
  32 fungi
  55 plants
  27 withered plants (Lair:5)
115 creatures vanquished.

Grand Total: 591 creatures vanquished

Notes
Turn   | Place    | Note
-------+----------+-------------------------------------------
     0 | D:1      | qw the Gargoyle Fighter began the quest for the Orb.
     0 | D:1      | Reached XP level 1. HP: 14/14 MP: 1/1
     0 | D:1      | 0 ||| qw: Version: 0.2-a-13-gfc7b4b4
     0 | D:1      | 0 ||| qw: Game counter: 1823
     0 | D:1      | 0 ||| qw: Always use a shield: true
     0 | D:1      | 0 ||| qw: God list: Okawaru
     0 | D:1      | 0 ||| qw: Allow faded altars: false
     0 | D:1      | 0 ||| qw: Do Orc after D:15 true
     0 | D:1      | 0 ||| qw: Do second Lair branch before Depths: true
     0 | D:1      | 0 ||| qw: Lair rune preference: random
     0 | D:1      | 0 ||| qw: Plans: Normal, Zot:1-4, God:TSO, Crypt, Tomb,
                  | Pan, Slime:5, Hells, Abyss, Orb
     0 | D:1      | 0 ||| PLANNING D:1-11
    60 | D:1      | Reached skill level 2 in Axes
   128 | D:1      | Reached XP level 2. HP: 19/19 MP: 2/2
   169 | D:1      | Found a faded altar of an unknown god.
   390 | D:1      | 390 ||| Stepping ~*~*~tactically~*~*~ (stealth).
   391 | D:1      | 391 ||| Stepping ~*~*~tactically~*~*~ (stealth).
   400 | D:1      | 400 ||| Stepping ~*~*~tactically~*~*~ (stealth).
   665 | D:1      | 665 ||| UPGRADING to +0 chain mail.
   675 | D:1      | 675 ||| DROPPING +0 scale mail.
   676 | D:1      | 676 ||| UPGRADING to +1 helmet.
   681 | D:1      | 681 ||| DROPPING +1 ring mail of willpower.
   682 | D:1      | 682 ||| READING scroll labelled MEGIRYE ERONN.
   683 | D:1      | 683 ||| READING scroll labelled ONAURHIAVE.
   684 | D:1      | 684 ||| DRINKING 2 sedimented coppery potions.
   685 | D:1      | 685 ||| DROPPING potion of degeneration.
   723 | D:2      | Found a hazy altar of Hepliaklqana.
   727 | D:2      | Reached skill level 3 in Axes
   727 | D:2      | 727 ||| STAIRDANCE
   760 | D:2      | 760 ||| Stepping ~*~*~tactically~*~*~ (stealth).
   761 | D:2      | 761 ||| Stepping ~*~*~tactically~*~*~ (stealth).
   762 | D:2      | 762 ||| Stepping ~*~*~tactically~*~*~ (stealth).
   773 | D:2      | Reached XP level 3. HP: 20/23 MP: 3/3
   852 | D:2      | 852 ||| Stepping ~*~*~tactically~*~*~ (stealth).
   853 | D:2      | 853 ||| Stepping ~*~*~tactically~*~*~ (stealth).
   854 | D:2      | 854 ||| Stepping ~*~*~tactically~*~*~ (stealth).
   855 | D:2      | 855 ||| Stepping ~*~*~tactically~*~*~ (stealth).
   856 | D:2      | 856 ||| Stepping ~*~*~tactically~*~*~ (stealth).
  1077 | D:2      | Reached XP level 4. HP: 27/28 MP: 4/4
  1466 | D:2      | 1466 ||| DROPPING scarf of harm.
  1467 | D:2      | 1467 ||| UPGRADING to +0 cloak.
  1472 | D:2      | 1472 ||| DROPPING orb of wrath.
  1473 | D:2      | 1473 ||| READING scroll labelled ECELLO FAKUST.
  1474 | D:2      | 1474 ||| READING scroll labelled SAEWO GAIHE.
  1642 | D:3      | Reached skill level 4 in Axes
  1705 | D:3      | Found an iron altar of Okawaru.
  1706 | D:3      | 1706 ||| PLANNING OKAWARU WORSHIP
  1706 | D:3      | 1706 ||| READING scroll labelled JUTUOR TAUCKI.
  1707 | D:3      | 1707 ||| READING scroll labelled HAUNKAANAE.
  1713 | D:3      | 1713 ||| FLEEEEING.
  1714 | D:3      | 1714 ||| FLEEEEING.
  1721 | D:3      | 1721 ||| FLEEEEING.
  1722 | D:3      | 1722 ||| FLEEEEING.
  1723 | D:3      | 1723 ||| FLEEEEING.
  1724 | D:3      | 1724 ||| FLEEEEING.
  1725 | D:3      | 1725 ||| FLEEEEING.
  1726 | D:3      | 1726 ||| FLEEEEING.
  1727 | D:3      | 1727 ||| FLEEEEING.
  1728 | D:3      | 1728 ||| FLEEEEING.
  1729 | D:3      | 1729 ||| FLEEEEING.
  1733 | D:3      | 1733 ||| FLEEEEING.
  1734 | D:3      | 1734 ||| FLEEEEING.
  1735 | D:3      | 1735 ||| FLEEEEING.
  1736 | D:3      | 1736 ||| FLEEEEING.
  1737 | D:3      | 1737 ||| FLEEEEING.
  1738 | D:3      | 1738 ||| FLEEEEING.
  1739 | D:3      | 1739 ||| FLEEEEING.
  1740 | D:3      | 1740 ||| FLEEEEING.
  1741 | D:3      | 1741 ||| FLEEEEING.
  1742 | D:3      | 1742 ||| FLEEEEING.
  1743 | D:3      | 1743 ||| FLEEEEING.
  1745 | D:3      | 1745 ||| FLEEEEING.
  1746 | D:3      | 1746 ||| FLEEEEING.
  1747 | D:3      | 1747 ||| FLEEEEING.
  1748 | D:3      | 1748 ||| FLEEEEING.
  1749 | D:3      | 1749 ||| FLEEEEING.
  1750 | D:3      | 1750 ||| FLEEEEING.
  1751 | D:3      | 1751 ||| FLEEEEING.
  1752 | D:3      | 1752 ||| FLEEEEING.
  1753 | D:3      | 1753 ||| STAIRDANCE
  1761 | D:3      | 1761 ||| STAIRDANCE
  1812 | D:3      | Became a worshipper of Warmaster Okawaru
  1813 | D:3      | 1813 ||| PLANNING D:1-11
  1877 | D:3      | 1877 ||| Stepping ~*~*~tactically~*~*~ (stealth).
  1969 | D:3      | Found a runed translucent door.
  1970 | D:3      | Noticed Crazy Yiuf
  2287 | D:3      | 2287 ||| Stepping ~*~*~tactically~*~*~ (stealth).
  2300 | D:3      | 2300 ||| FLEEEEING.
  2301 | D:3      | 2301 ||| FLEEEEING.
  2302 | D:3      | 2302 ||| FLEEEEING.
  2303 | D:3      | 2303 ||| FLEEEEING.
  2304 | D:3      | 2304 ||| FLEEEEING.
  2307 | D:3      | 2307 ||| FLEEEEING.
  2328 | D:3      | 2328 ||| Stepping ~*~*~tactically~*~*~ (stealth).
  2435 | D:3      | 2435 ||| READING scroll labelled SILAGUHUOT.
  2456 | D:3      | 2456 ||| DRINKING 2 yellow potions.
  2456 | D:3      | Gained mutation: You are agile. (Dex +4, Str/Int -1)
                  | [potion of mutation]
  2456 | D:3      | Gained mutation: You are very agile. (Dex +8, Str/Int -2)
                  | [potion of mutation]
  2456 | D:3      | Gained mutation: You are strong-willed. (Will+) [potion of
                  | mutation]
  2528 | D:4      | Reached XP level 5. HP: 31/32 MP: 5/5
  2551 | D:4      | 2551 ||| Stepping ~*~*~tactically~*~*~ (stealth).
  2552 | D:4      | 2552 ||| Stepping ~*~*~tactically~*~*~ (stealth).
  2568 | D:4      | Reached skill level 1 in Dodging
  2751 | D:4      | Reached XP level 6. HP: 37/37 MP: 6/6
  2762 | D:4      | 2762 ||| Stepping ~*~*~tactically~*~*~ (stealth).
  2793 | D:4      | 2793 ||| Stepping ~*~*~tactically~*~*~ (stealth).
  2797 | D:4      | Found a radiant altar of Vehumet.
  2804 | D:4      | Reached skill level 5 in Axes
  2804 | D:4      | 2804 ||| FLEEEEING.
  2805 | D:4      | 2805 ||| FLEEEEING.
  2806 | D:4      | 2806 ||| FLEEEEING.
  2807 | D:4      | 2807 ||| FLEEEEING.
  2846 | D:4      | 2846 ||| READING scroll of enchant weapon.
  2846 | D:4      | 2846 ||| ENCHANTING +1 war axe.
  2925 | D:4      | 2925 ||| READING scroll of enchant weapon.
  2925 | D:4      | 2925 ||| ENCHANTING +2 war axe.
  2989 | D:4      | 2989 ||| READING scroll labelled KYBRAPR ROZU.
  2990 | D:4      | 2990 ||| DRINKING 2 fuming green potions.
  2991 | D:4      | 2991 ||| DRINKING 2 murky green potions.
  2992 | D:4      | 2992 ||| DROPPING potion of flight.
  3015 | D:5      | Entered Level 5 of the Dungeon
  3030 | D:5      | Reached * piety under Okawaru
  3133 | D:5      | 3133 ||| DROPPING +0 whip.
  3152 | D:5      | Found a staircase to the Ecumenical Temple.
  3175 | D:5      | Reached skill level 1 in Invocations
  3179 | D:5      | 3179 ||| INVOKING Heroism.
  3187 | D:5      | Reached XP level 7. HP: 23/43 MP: 5/8
  3491 | D:5      | 3491 ||| INVOKING Heroism.
  3498 | D:5      | Reached skill level 6 in Axes
  3498 | D:5      | Reached skill level 3 in Invocations
  3583 | D:5      | 3583 ||| DROPPING ring of flight.
  3584 | D:5      | 3584 ||| READING 2 scrolls labelled XOCIEDOIJA.
  3585 | D:5      | 3585 ||| READING scroll labelled HOUCSUOKHLUI.
  3586 | D:5      | 3586 ||| DRINKING 2 pink potions.
  3610 | D:5      | 3610 ||| DROPPING scroll of summoning.
  3619 | D:6      | 3619 ||| INVOKING Heroism.
  3684 | D:6      | 3684 ||| Stepping ~*~*~tactically~*~*~ (stealth).
  3685 | D:6      | 3685 ||| Stepping ~*~*~tactically~*~*~ (stealth).
  3692 | D:6      | 3692 ||| INVOKING Heroism.
  3711 | D:6      | Noticed a steam dragon
  3712 | D:6      | 3712 ||| Stepping ~*~*~tactically~*~*~ (stealth).
  3726 | D:6      | 3726 ||| Stepping ~*~*~tactically~*~*~ (stealth).
  3727 | D:6      | 3727 ||| INVOKING Heroism.
  3728 | D:6      | 3728 ||| Stepping ~*~*~tactically~*~*~ (cloud).
  3736 | D:6      | Killed a steam dragon
  3737 | D:6      | Reached XP level 8. HP: 15/48 MP: 9/11
  3737 | D:6      | 3737 ||| Stepping ~*~*~tactically~*~*~ (cloud).
  3746 | D:6      | 3746 ||| FLEEEEING.
  3747 | D:6      | 3747 ||| STAIRDANCE
  3854 | D:6      | 3854 ||| STAIRDANCE
  3860 | D:6      | 3860 ||| STAIRDANCE
  3865 | D:6      | 3865 ||| STAIRDANCE
  3867 | D:5      | 3867 ||| INVOKING Heroism.
  3873 | D:5      | Reached skill level 7 in Axes
  3896 | D:6      | 3896 ||| INVOKING Heroism.
  3922 | D:6      | Reached ** piety under Okawaru
  4181 | D:6      | Found a snail-covered altar of Cheibriados.
  4182 | D:6      | 4182 ||| DRINKING 2 black potions.
  4183 | D:6      | 4183 ||| Stepping randomly (stuck).
  4278 | D:6      | 4278 ||| FLEEEEING.
  4279 | D:6      | 4279 ||| FLEEEEING.
  4280 | D:6      | 4280 ||| FLEEEEING.
  4281 | D:6      | 4281 ||| FLEEEEING.
  4282 | D:6      | 4282 ||| FLEEEEING.
  4286 | D:6      | 4286 ||| FLEEEEING.
  4289 | D:6      | 4289 ||| INVOKING Heroism.
  4508 | D:6      | 4508 ||| Stepping ~*~*~tactically~*~*~ (stealth).
  4576 | D:6      | 4576 ||| READING 3 scrolls of identify.
  4576 | D:6      | 4576 ||| IDENTIFYING gluggy blue potion
  4577 | D:6      | 4577 ||| READING 2 scrolls of identify.
  4577 | D:6      | 4577 ||| IDENTIFYING murky amethyst potion
  4578 | D:6      | 4578 ||| DROPPING potion of invisibility.
  4579 | D:6      | 4579 ||| DROPPING potion of berserk rage.
  4585 | D:6      | 4585 ||| INVOKING Heroism.
  4674 | D:7      | 4674 ||| Stepping ~*~*~tactically~*~*~ (hiding).
  4675 | D:7      | 4675 ||| Stepping ~*~*~tactically~*~*~ (hiding).
  4683 | D:7      | Reached skill level 8 in Axes
  4832 | D:7      | 4832 ||| Stepping ~*~*~tactically~*~*~ (hiding).
  4842 | D:7      | 4842 ||| INVOKING Heroism.
  4917 | D:7      | Reached XP level 9. HP: 54/54 MP: 12/12
  5159 | D:7      | 5159 ||| INVOKING Heroism.
  5178 | D:7      | 5178 ||| READING scroll of enchant weapon.
  5178 | D:7      | 5178 ||| ENCHANTING +3 war axe.
  5184 | D:7      | Noticed Prince Ribbit
  5185 | D:7      | 5185 ||| INVOKING Heroism.
  5200 | D:7      | Killed Prince Ribbit
  5201 | D:7      | Reached skill level 6 in Fighting
  5288 | D:7      | 5288 ||| READING scroll labelled VONUKU WEBAO.
  5289 | D:7      | 5289 ||| DRINKING 2 sedimented sapphire potions.
  5290 | D:7      | 5290 ||| READING 2 scrolls of identify.
  5290 | D:7      | 5290 ||| IDENTIFYING red potion
  5321 | D:8      | 5321 ||| Stepping ~*~*~tactically~*~*~ (hiding).
  5327 | D:8      | 5327 ||| INVOKING Heroism.
  5334 | D:8      | Reached skill level 1 in Throwing
  5358 | D:8      | 5358 ||| FLEEEEING.
  5359 | D:8      | 5359 ||| FLEEEEING.
  5362 | D:8      | 5362 ||| FLEEEEING.
  5366 | D:8      | 5366 ||| STAIRDANCE
  5524 | D:8      | Reached *** piety under Okawaru
  5529 | D:8      | Reached skill level 9 in Axes
  5536 | D:8      | 5536 ||| DROPPING +0 flail.
  5622 | D:8      | Noticed Maurice
  5624 | D:8      | 5624 ||| INVOKING Heroism.
  5635 | D:8      | Killed Maurice
  5648 | D:8      | 5648 ||| INVOKING Heroism.
  5672 | D:8      | 5672 ||| Stepping ~*~*~tactically~*~*~ (stealth).
  5679 | D:8      | 5679 ||| Stepping ~*~*~tactically~*~*~ (stealth).
  6140 | D:8      | Identified the +4 hand axe "Takiezeij" {freeze, Fly rC-
                  | Dex+2}
  6157 | D:8      | Reached skill level 3 in Throwing
  6157 | D:8      | 6157 ||| Stepping ~*~*~tactically~*~*~ (hiding).
  6177 | D:8      | Reached XP level 10. HP: 53/63 MP: 13/13
  6215 | D:8      | 6215 ||| DROPPING +2 flail of draining.
  6341 | D:8      | 6341 ||| INVOKING Heroism.
  6628 | D:8      | 6628 ||| UPGRADING to +0 pair of gloves.
  6633 | D:8      | 6633 ||| READING scroll labelled ESAEC EVORGH.
  6634 | D:8      | 6634 ||| READING scroll labelled RUPEMY GOEP.
  6666 | D:9      | 6666 ||| INVOKING Heroism.
  6671 | D:9      | Received a gift from Okawaru
  6681 | D:9      | HP: 15/63 [gnoll sergeant/+2 vorpal trident (9)]
  6690 | D:9      | 6690 ||| FLEEEEING.
  6693 | D:9      | 6693 ||| FLEEEEING.
  6694 | D:9      | 6694 ||| FLEEEEING.
  6695 | D:9      | 6695 ||| STAIRDANCE
  6846 | D:9      | 6846 ||| STAIRDANCE
  6889 | D:9      | Found a staircase to the Orcish Mines.
  6890 | D:9      | 6890 ||| Stepping ~*~*~tactically~*~*~ (hiding).
  6898 | D:9      | 6898 ||| Stepping ~*~*~tactically~*~*~ (stealth).
  6908 | D:9      | 6908 ||| Stepping ~*~*~tactically~*~*~ (stealth).
  6910 | D:9      | 6910 ||| Stepping ~*~*~tactically~*~*~ (stealth).
  6911 | D:9      | 6911 ||| Stepping ~*~*~tactically~*~*~ (stealth).
  6913 | D:9      | 6913 ||| Stepping ~*~*~tactically~*~*~ (stealth).
  6915 | D:9      | 6915 ||| Stepping ~*~*~tactically~*~*~ (stealth).
  6918 | D:9      | 6918 ||| INVOKING Heroism.
  6986 | D:9      | Found Pixaidgh's Weapon Shop.
  7056 | D:9      | Found a blossoming altar of Fedhas.
  7058 | D:9      | Found a glowing silver altar of Zin.
  7103 | D:9      | Found the +5 robe of Misfortune {Harm *Corrode *Slow EV+5}
  7173 | D:9      | 7173 ||| INVOKING Heroism.
  7291 | D:9      | 7291 ||| INVOKING Heroism.
  7300 | D:9      | Reached skill level 10 in Axes
  7349 | D:9      | 7349 ||| Stepping ~*~*~tactically~*~*~ (stealth).
  7350 | D:9      | 7350 ||| Stepping ~*~*~tactically~*~*~ (stealth).
  7720 | D:9      | 7720 ||| READING scroll of enchant weapon.
  7720 | D:9      | 7720 ||| ENCHANTING +4 war axe.
  7831 | D:9      | 7831 ||| UPGRADING to +0 pair of boots.
  7852 | D:10     | Entered Level 10 of the Dungeon
  7879 | D:10     | Found an ornate altar of the Wu Jian Council.
  7926 | D:10     | Reached skill level 6 in Armour
  7926 | D:10     | Received a gift from Okawaru
  8095 | D:10     | Noticed a two-headed ogre
  8096 | D:10     | 8096 ||| Stepping ~*~*~tactically~*~*~ (hiding).
  8099 | D:10     | 8099 ||| INVOKING Heroism.
  8103 | D:10     | Killed a two-headed ogre
  8103 | D:10     | Reached **** piety under Okawaru
  8137 | D:10     | 8137 ||| Stepping ~*~*~tactically~*~*~ (stealth).
  8144 | D:10     | 8144 ||| Stepping ~*~*~tactically~*~*~ (stealth).
  8166 | D:10     | 8166 ||| FLEEEEING.
  8167 | D:10     | 8167 ||| FLEEEEING.
  8168 | D:10     | 8168 ||| FLEEEEING.
  8243 | D:10     | 8243 ||| FLEEEEING.
  8244 | D:10     | 8244 ||| FLEEEEING.
  8245 | D:10     | 8245 ||| FLEEEEING.
  8246 | D:10     | 8246 ||| FLEEEEING.
  8247 | D:10     | 8247 ||| FLEEEEING.
  8248 | D:10     | 8248 ||| FLEEEEING.
  8249 | D:10     | 8249 ||| FLEEEEING.
  8250 | D:10     | 8250 ||| FLEEEEING.
  8524 | D:10     | 8524 ||| FLEEEEING.
  8525 | D:10     | 8525 ||| FLEEEEING.
  8526 | D:10     | 8526 ||| FLEEEEING.
  8527 | D:10     | 8527 ||| FLEEEEING.
  8528 | D:10     | 8528 ||| FLEEEEING.
  8529 | D:10     | 8529 ||| FLEEEEING.
  8530 | D:10     | 8530 ||| FLEEEEING.
  8531 | D:10     | 8531 ||| FLEEEEING.
  8532 | D:10     | 8532 ||| FLEEEEING.
  8533 | D:10     | 8533 ||| FLEEEEING.
  8534 | D:10     | 8534 ||| FLEEEEING.
  8535 | D:10     | 8535 ||| FLEEEEING.
  8541 | D:10     | 8541 ||| FLEEEEING.
  8542 | D:10     | 8542 ||| STAIRDANCE
  8652 | D:10     | 8652 ||| Stepping ~*~*~tactically~*~*~ (hiding).
  8655 | D:10     | 8655 ||| STAIRDANCE
  8761 | D:10     | 8761 ||| STAIRDANCE
  8782 | D:10     | 8782 ||| STAIRDANCE
  8809 | D:10     | 8809 ||| Stepping randomly (disturbance).
  8810 | D:10     | 8810 ||| Stepping randomly (disturbance).
  8840 | D:10     | Killed an unseen horror
  8859 | D:10     | 8859 ||| FLEEEEING.
  8860 | D:10     | 8860 ||| FLEEEEING.
  8861 | D:10     | 8861 ||| FLEEEEING.
  8871 | D:10     | 8871 ||| STAIRDANCE
  8982 | D:10     | 8982 ||| INVOKING Heroism.
  8987 | D:10     | 8987 ||| Stepping ~*~*~tactically~*~*~ (stealth).
  9075 | D:10     | Reached XP level 11. HP: 69/69 MP: 15/15
  9089 | D:10     | Noticed Harold
  9090 | D:10     | 9090 ||| INVOKING Heroism.
  9091 | D:10     | Found a staircase to the Lair.
  9110 | D:10     | 9110 ||| INVOKING Heroism.
  9113 | D:10     | Killed Harold
  9113 | D:10     | Received a gift from Okawaru
  9114 | D:10     | Reached skill level 6 in Invocations
  9135 | D:10     | Reached ***** piety under Okawaru
  9515 | D:10     | 9515 ||| PLANNING LAIR
  9515 | D:10     | 9515 ||| UPGRADING to +0 plate armour.
  9525 | D:10     | 9525 ||| DROPPING +0 chain mail.
  9526 | D:10     | 9526 ||| READING scroll labelled OPLIUN JORO.
  9562 | Lair:1   | Entered Level 1 of the Lair of Beasts
  9563 | Lair:1   | 9563 ||| INVOKING Heroism.
  9735 | Lair:1   | 9735 ||| Stepping ~*~*~tactically~*~*~ (stealth).
  9736 | Lair:1   | 9736 ||| INVOKING Heroism.
  9743 | Lair:1   | 9743 ||| Stepping ~*~*~tactically~*~*~ (stealth).
  9809 | Lair:1   | Received a gift from Okawaru
  9865 | Lair:1   | Noticed Nergalle
  9866 | Lair:1   | 9866 ||| INVOKING Heroism.
  9870 | Lair:1   | Noticed a spectral orc warlord
  9878 | Lair:1   | Killed Nergalle
  9950 | Lair:1   | 9950 ||| Stepping ~*~*~tactically~*~*~ (stealth).
 10040 | Lair:1   | 10040 ||| INVOKING Heroism.
 10699 | Lair:1   | 10699 ||| UPGRADING to ring of protection from fire.
 10700 | Lair:1   | 10700 ||| READING scroll labelled ATWUYJ UKHLIGOB.
 10705 | Lair:1   | 10705 ||| READING scroll labelled QEOCHARCH USESM.
 10806 | Lair:1   | 10806 ||| READING 3 scrolls of identify.
 10806 | Lair:1   | 10806 ||| IDENTIFYING brown potion
 10856 | Lair:2   | 10856 ||| STAIRDANCE
 10858 | Lair:1   | 10858 ||| INVOKING Heroism.
 10999 | Lair:2   | 10999 ||| STAIRDANCE
 11001 | Lair:1   | 11001 ||| INVOKING Heroism.
 11005 | Lair:1   | Received a gift from Okawaru
 11009 | Lair:1   | Reached skill level 11 in Axes
 11068 | Lair:2   | 11068 ||| STAIRDANCE
 11070 | Lair:1   | 11070 ||| INVOKING Heroism.
 11159 | Lair:2   | 11159 ||| STAIRDANCE
 11161 | Lair:1   | 11161 ||| INVOKING Heroism.
 11336 | Lair:2   | Noticed a catoblepas
 11337 | Lair:2   | 11337 ||| Stepping ~*~*~tactically~*~*~ (stealth).
 11339 | Lair:2   | 11339 ||| INVOKING Heroism.
 11343 | Lair:2   | 11343 ||| INVOKING Finesse.
 11346 | Lair:2   | Reached skill level 9 in Invocations
 11359 | Lair:2   | Killed a catoblepas
 11373 | Lair:2   | 11373 ||| INVOKING Heroism.
 11402 | Lair:2   | Reached skill level 9 in Armour
 11402 | Lair:2   | Reached XP level 12. HP: 48/75 MP: 14/19
 11499 | Lair:2   | 11499 ||| DROPPING +0 morningstar.
 11503 | Lair:2   | Found a hole to the Spider Nest.
 11515 | Lair:2   | Noticed a seven-headed hydra
 11517 | Lair:2   | 11517 ||| INVOKING Heroism.
 11518 | Lair:2   | 11518 ||| SWAPPING to +1 hand axe of flaming.
 11531 | Lair:2   | Killed a one-headed hydra
 11532 | Lair:2   | 11532 ||| SWAPPING to +5 war axe.
 11698 | Lair:2   | 11698 ||| INVOKING Heroism.
 11709 | Lair:2   | Reached skill level 9 in Fighting
 12326 | Lair:2   | 12326 ||| READING 3 scrolls of identify.
 12326 | Lair:2   | 12326 ||| IDENTIFYING silvery potion
 12358 | Lair:3   | 12358 ||| Stepping ~*~*~tactically~*~*~ (hiding).
 12368 | Lair:3   | 12368 ||| INVOKING Heroism.
 12678 | Lair:3   | 12678 ||| INVOKING Heroism.
 12709 | Lair:3   | You fall into a shaft and drop 2 floors!
 12709 | Lair:5   | Entered Level 5 of the Lair of Beasts
 12754 | Lair:5   | 12754 ||| Stepping ~*~*~tactically~*~*~ (hiding).
 12756 | Lair:5   | 12756 ||| Stepping ~*~*~tactically~*~*~ (hiding).
 12975 | Lair:5   | 12975 ||| INVOKING Heroism.
 12985 | Lair:5   | Reached skill level 12 in Axes
 13006 | Lair:5   | 13006 ||| READING scroll of enchant weapon.
 13006 | Lair:5   | 13006 ||| ENCHANTING +5 war axe.
 13024 | Lair:5   | 13024 ||| Stepping ~*~*~tactically~*~*~ (stealth).
 13027 | Lair:5   | 13027 ||| INVOKING Heroism.
 13030 | Lair:5   | Noticed a four-headed hydra
 13031 | Lair:5   | 13031 ||| INVOKING Finesse.
 13036 | Lair:5   | Identified the +1 ring mail of Tenacity {Drain +Inv rCorr
                  | Dex+4} (Okawaru gifted it to you on level 5 of the Lair of
                  | Beasts)
 13036 | Lair:5   | Received a gift from Okawaru
 13037 | Lair:5   | Reached skill level 3 in Dodging
 13039 | Lair:5   | 13039 ||| SWAPPING to +1 hand axe of flaming.
 13052 | Lair:5   | Killed a one-headed hydra
 13053 | Lair:5   | Reached skill level 6 in Shields
 13053 | Lair:5   | 13053 ||| SWAPPING to +6 war axe.
 13115 | Lair:5   | 13115 ||| INVOKING Heroism.
 13214 | Lair:5   | 13214 ||| Stepping ~*~*~tactically~*~*~ (stealth).
 13216 | Lair:5   | 13216 ||| INVOKING Heroism.
 13221 | Lair:5   | Noticed a five-headed hydra
 13222 | Lair:5   | 13222 ||| INVOKING Finesse.
 13232 | Lair:5   | 13232 ||| Stepping ~*~*~tactically~*~*~ (stealth).
 13234 | Lair:5   | 13234 ||| Stepping ~*~*~tactically~*~*~ (stealth).
 13237 | Lair:5   | 13237 ||| SWAPPING to +1 hand axe of flaming.
 13248 | Lair:5   | Killed a one-headed hydra
 13249 | Lair:5   | 13249 ||| SWAPPING to +6 war axe.
 13273 | Lair:5   | 13273 ||| Stepping ~*~*~tactically~*~*~ (stealth).
 13277 | Lair:5   | 13277 ||| Stepping ~*~*~tactically~*~*~ (stealth).
 13278 | Lair:5   | 13278 ||| Stepping ~*~*~tactically~*~*~ (stealth).
 13283 | Lair:5   | 13283 ||| Stepping ~*~*~tactically~*~*~ (stealth).
 13294 | Lair:5   | Reached XP level 13. HP: 78/82 MP: 20/20
 13439 | Lair:3   | 13439 ||| Stepping ~*~*~tactically~*~*~ (hiding).
 13444 | Lair:3   | 13444 ||| INVOKING Heroism.
 13456 | Lair:3   | Found a staircase to the Shoals.
 13458 | Lair:3   | 13458 ||| Stepping ~*~*~tactically~*~*~ (hiding).
 13459 | Lair:3   | 13459 ||| Stepping ~*~*~tactically~*~*~ (hiding).
 13514 | Lair:3   | 13514 ||| DROPPING +1 hand axe of flaming.
 13579 | Lair:3   | Noticed a minotaur
 13579 | Lair:3   | Noticed qw's ghost (journeyman GrFi)
 13590 | Lair:3   | 13590 ||| Stepping ~*~*~tactically~*~*~ (stealth).
 13592 | Lair:3   | 13592 ||| Stepping ~*~*~tactically~*~*~ (stealth).
 13595 | Lair:3   | 13595 ||| INVOKING Heroism.
 13596 | Lair:3   | 13596 ||| Stepping ~*~*~tactically~*~*~ (stealth).
 13598 | Lair:3   | 13598 ||| Stepping ~*~*~tactically~*~*~ (stealth).
 13600 | Lair:3   | 13600 ||| Stepping ~*~*~tactically~*~*~ (stealth).
 13625 | Lair:3   | 13625 ||| INVOKING Heroism.
 13652 | Lair:3   | 13652 ||| FLEEEEING.
 13653 | Lair:3   | 13653 ||| FLEEEEING.
 13654 | Lair:3   | 13654 ||| FLEEEEING.
 13656 | Lair:3   | 13656 ||| FLEEEEING.
 13657 | Lair:3   | 13657 ||| FLEEEEING.
 13663 | Lair:3   | 13663 ||| Stepping ~*~*~tactically~*~*~ (stealth).
 13664 | Lair:3   | 13664 ||| Stepping ~*~*~tactically~*~*~ (stealth).
 13681 | Lair:3   | 13681 ||| INVOKING Heroism.
 13796 | Lair:3   | 13796 ||| Stepping ~*~*~tactically~*~*~ (stealth).
 13799 | Lair:3   | 13799 ||| INVOKING Heroism.
 13807 | Lair:3   | Reached skill level 13 in Axes
 13842 | Lair:3   | Noticed Snorg
 13843 | Lair:3   | 13843 ||| Stepping ~*~*~tactically~*~*~ (stealth).
 13845 | Lair:3   | 13845 ||| INVOKING Heroism.
 13846 | Lair:3   | 13846 ||| INVOKING Finesse.
 13852 | Lair:3   | Killed Snorg
 14080 | Lair:3   | 14080 ||| Stepping ~*~*~tactically~*~*~ (stealth).
 14082 | Lair:3   | 14082 ||| INVOKING Heroism.
 14097 | Lair:3   | Received a gift from Okawaru
 14405 | Lair:3   | Found a runed translucent gate.
 14405 | Lair:3   | Found a runed translucent gate.
 14406 | Lair:3   | Found a runed translucent gate.
 14611 | Lair:3   | 14611 ||| DROPPING +0 hat of intelligence.
 14754 | Lair:4   | 14754 ||| INVOKING Heroism.
 14829 | Lair:4   | 14829 ||| READING scroll of enchant armour.
 14829 | Lair:4   | 14829 ||| ENCHANTING +0 pair of gloves.
 14881 | Lair:4   | 14881 ||| Stepping ~*~*~tactically~*~*~ (hiding).
 14883 | Lair:4   | 14883 ||| Stepping ~*~*~tactically~*~*~ (hiding).
 14965 | Lair:4   | 14965 ||| INVOKING Heroism.
 14969 | Lair:4   | 14969 ||| INVOKING Finesse.
 15104 | Lair:4   | Found a transporter.
 15207 | Lair:4   | 15207 ||| INVOKING Heroism.
 15208 | Lair:4   | 15208 ||| INVOKING Finesse.
 15211 | Lair:4   | 15211 ||| SWAPPING to +0 war axe of flaming.
 15218 | Lair:4   | Reached skill level 14 in Axes
 15218 | Lair:4   | 15218 ||| SWAPPING to +6 war axe.
 15339 | Lair:4   | Found a transporter.
 15489 | Lair:4   | 15489 ||| Stepping ~*~*~tactically~*~*~ (stealth).
 15617 | Lair:4   | Found a viscous altar of Jiyva.
 15617 | Lair:4   | Found a staircase to the Slime Pits.
 15618 | Lair:4   | 15618 ||| Stepping ~*~*~tactically~*~*~ (stealth).
 15912 | Lair:4   | 15912 ||| UPGRADING to amulet of regeneration.
 15917 | Lair:4   | 15917 ||| READING 4 scrolls of identify.
 15917 | Lair:4   | 15917 ||| IDENTIFYING fuming cyan potion
 15918 | Lair:4   | 15918 ||| DROPPING potion of ambrosia.
 15972 | Lair:5   | 15972 ||| INVOKING Heroism.
 15974 | Lair:5   | 15974 ||| Stepping ~*~*~tactically~*~*~ (stealth).
 16036 | Lair:5   | 16036 ||| READING scroll of enchant weapon.
 16036 | Lair:5   | 16036 ||| ENCHANTING +6 war axe.
 16041 | Lair:5   | 16041 ||| Stepping ~*~*~tactically~*~*~ (stealth).
 16042 | Lair:5   | 16042 ||| Stepping ~*~*~tactically~*~*~ (stealth).
 16043 | Lair:5   | 16043 ||| Stepping ~*~*~tactically~*~*~ (stealth).
 16045 | Lair:5   | 16045 ||| Stepping ~*~*~tactically~*~*~ (stealth).
 16048 | Lair:5   | 16048 ||| Stepping ~*~*~tactically~*~*~ (stealth).
 16051 | Lair:5   | 16051 ||| Stepping ~*~*~tactically~*~*~ (stealth).
 16058 | Lair:5   | 16058 ||| INVOKING Heroism.
 16247 | Lair:5   | 16247 ||| Stepping ~*~*~tactically~*~*~ (stealth).
 16249 | Lair:5   | 16249 ||| INVOKING Heroism.
 16297 | Lair:5   | Noticed a dire elephant
 16297 | Lair:5   | Noticed a dire elephant
 16307 | Lair:5   | 16307 ||| Stepping ~*~*~tactically~*~*~ (stealth).
 16308 | Lair:5   | 16308 ||| Stepping ~*~*~tactically~*~*~ (stealth).
 16308 | Lair:5   | Noticed a dire elephant
 16309 | Lair:5   | 16309 ||| INVOKING Heroism.
 16320 | Lair:5   | Killed a dire elephant
 16342 | Lair:5   | 16342 ||| Stepping ~*~*~tactically~*~*~ (stealth).
 16349 | Lair:5   | 16349 ||| Stepping ~*~*~tactically~*~*~ (hiding).
 16359 | Lair:5   | Gained mutation: Your large and strong wings let you fly.
                  | [Gargoyle growth]
 16359 | Lair:5   | Reached XP level 14. HP: 69/90 MP: 21/21
 16387 | Lair:5   | 16387 ||| Stepping ~*~*~tactically~*~*~ (stealth).
 16388 | Lair:5   | 16388 ||| Stepping ~*~*~tactically~*~*~ (stealth).
 16397 | Lair:5   | 16397 ||| Stepping ~*~*~tactically~*~*~ (stealth).
 16399 | Lair:5   | 16399 ||| Stepping ~*~*~tactically~*~*~ (stealth).
 16401 | Lair:5   | 16401 ||| INVOKING Heroism.
 16402 | Lair:5   | 16402 ||| INVOKING Finesse.
 16439 | Lair:5   | Noticed a dire elephant
 16440 | Lair:5   | 16440 ||| Stepping ~*~*~tactically~*~*~ (stealth).
 16468 | Lair:5   | Noticed a dire elephant
 16479 | Lair:5   | Killed a dire elephant
 16498 | Lair:5   | 16498 ||| INVOKING Heroism.
 16513 | Lair:5   | Reached skill level 6 in Throwing
 16529 | Lair:5   | 16529 ||| READING scroll of teleportation.
 16808 | Lair:5   | 16808 ||| Stepping ~*~*~tactically~*~*~ (stealth).
 16893 | Lair:5   | 16893 ||| INVOKING Heroism.
 16911 | Lair:5   | Killed a dire elephant
 16918 | Lair:5   | HP: 16/90 [dire elephant (16)]
 16919 | Lair:5   | 16919 ||| DRINKING potion of heal wounds.
 16922 | Lair:5   | Identified the +2 pair of boots of Mitir {Int+2} (Okawaru
                  | gifted it to you on level 5 of the Lair of Beasts)
 16922 | Lair:5   | Received a gift from Okawaru
 16924 | Lair:5   | Killed a dire elephant
 16928 | Lair:5   | 16928 ||| INVOKING Heroism.
 16986 | Lair:5   | Identified the +13 plate armour of the Onion {rF++ Stlth+}
 17030 | Lair:5   | 17030 ||| INVOKING Heroism.
 17077 | Lair:5   | 17077 ||| INVOKING Heroism.
 17078 | Lair:5   | 17078 ||| INVOKING Finesse.
 17085 | Lair:5   | Reached skill level 15 in Axes
 17179 | Lair:5   | 17179 ||| INVOKING Heroism.
 17198 | Lair:5   | Killed a dire elephant
 17336 | Lair:5   | 17336 ||| PLANNING D:1-11
 17336 | Lair:5   | 17336 ||| UPGRADING to +2 pair of boots of Mitir {Int+2}.
 17346 | Lair:5   | 17346 ||| DROPPING +0 pair of boots.
 17347 | Lair:5   | 17347 ||| UPGRADING to +13 plate armour of the Onion {rF++
                  | Stlth+}.
 17357 | Lair:5   | 17357 ||| DROPPING +0 plate armour.
 17358 | Lair:5   | 17358 ||| DROPPING amulet of faith.
 17359 | Lair:5   | 17359 ||| UPGRADING to ring of ice.
 17491 | D:11     | 17491 ||| INVOKING Heroism.
 17502 | D:11     | Noticed Lodul
 17516 | D:11     | Killed Lodul
 17546 | D:11     | 17546 ||| Stepping ~*~*~tactically~*~*~ (hiding).
 17551 | D:11     | Found a frozen archway.
 17561 | D:11     | 17561 ||| READING scroll of enchant weapon.
 17561 | D:11     | 17561 ||| ENCHANTING +7 war axe.
 17656 | D:11     | 17656 ||| INVOKING Heroism.
 17657 | D:11     | 17657 ||| INVOKING Finesse.
 17851 | D:11     | Found Odaget's Armour Boutique.
 17879 | D:11     | 17879 ||| Stepping ~*~*~tactically~*~*~ (stealth).
 17884 | D:11     | 17884 ||| Stepping ~*~*~tactically~*~*~ (stealth).
 17937 | D:11     | Noticed Fannar
 17938 | D:11     | 17938 ||| Stepping ~*~*~tactically~*~*~ (hiding).
 17941 | D:11     | 17941 ||| Stepping ~*~*~tactically~*~*~ (hiding).
 17960 | D:11     | Killed Fannar
 17961 | D:11     | Reached skill level 12 in Armour
 18051 | D:12     | 18051 ||| INVOKING Heroism.
 18099 | D:12     | 18099 ||| INVOKING Finesse.
 18103 | D:12     | 18103 ||| INVOKING Heroism.
 18116 | D:12     | 18116 ||| Stepping ~*~*~tactically~*~*~ (stealth).
 18117 | D:12     | 18117 ||| Stepping ~*~*~tactically~*~*~ (stealth).
 18120 | D:12     | 18120 ||| Stepping ~*~*~tactically~*~*~ (stealth).
 18121 | D:12     | 18121 ||| Stepping ~*~*~tactically~*~*~ (stealth).
 18255 | D:12     | 18255 ||| INVOKING Heroism.
 18292 | D:12     | 18292 ||| INVOKING Heroism.
 18307 | D:12     | Reached skill level 12 in Fighting
 18391 | D:12     | 18391 ||| Stepping ~*~*~tactically~*~*~ (hiding).
 18394 | D:12     | 18394 ||| Stepping ~*~*~tactically~*~*~ (hiding).
 18690 | D:12     | 18690 ||| INVOKING Heroism.
 18691 | D:12     | 18691 ||| INVOKING Finesse.
 18931 | D:12     | Noticed Jorgrun
 18932 | D:12     | 18932 ||| INVOKING Heroism.
 18933 | D:12     | 18933 ||| INVOKING Finesse.
 18959 | D:12     | Killed Jorgrun
 18959 | D:12     | Received a gift from Okawaru
 18960 | D:12     | Reached XP level 15. HP: 90/96 MP: 16/22
 19079 | D:11     | 19079 ||| BUYING +2 buckler of reflection (296 gold).
 19079 | D:11     | Bought a +2 buckler of reflection for 296 gold pieces
 19079 | D:11     | 19079 ||| PLANNING D
 19079 | D:11     | 19079 ||| UPGRADING to +2 buckler of reflection.
 19089 | D:11     | 19089 ||| DROPPING +0 buckler.
 19112 | D:13     | Noticed Nessos
 19113 | D:13     | 19113 ||| Stepping ~*~*~tactically~*~*~ (hiding).
 19115 | D:13     | 19115 ||| INVOKING Finesse.
 19141 | D:13     | 19141 ||| INVOKING Heroism.
 19149 | D:13     | Killed Nessos
 19149 | D:13     | Received a gift from Okawaru
 19211 | D:13     | 19211 ||| FLEEEEING.
 19265 | D:13     | 19265 ||| READING scroll of enchant weapon.
 19265 | D:13     | 19265 ||| ENCHANTING +8 war axe.
 19388 | D:13     | 19388 ||| Stepping ~*~*~tactically~*~*~ (hiding).
 19577 | D:13     | Noticed Rupert
 19578 | D:13     | 19578 ||| INVOKING Heroism.
 19579 | D:13     | 19579 ||| INVOKING Finesse.
 19603 | D:13     | HP: 23/96 [Rupert/+2 great sword of distortion (12)]
 19604 | D:13     | 19604 ||| READING scroll of teleportation.
 19704 | D:13     | Identified the +0 rapier of Xattuemm {vorpal, Str+8}
 19746 | D:13     | 19746 ||| Stepping randomly (stuck).
 19750 | D:13     | 19750 ||| INVOKING Heroism.
 19760 | D:13     | Reached skill level 16 in Axes
 19777 | D:13     | 19777 ||| Stepping randomly (stuck).
 19778 | D:13     | 19778 ||| Stepping randomly (stuck).
 19779 | D:13     | 19779 ||| Stepping randomly (stuck).
 19781 | D:13     | 19781 ||| Stepping randomly (stuck).
 19782 | D:13     | 19782 ||| Stepping randomly (stuck).
 19783 | D:13     | 19783 ||| Stepping randomly (stuck).
 19784 | D:13     | 19784 ||| Stepping randomly (stuck).
 19785 | D:13     | 19785 ||| Stepping randomly (stuck).
 19786 | D:13     | 19786 ||| Stepping randomly (stuck).
 19788 | D:13     | 19788 ||| Stepping randomly (stuck).
 19789 | D:13     | 19789 ||| Stepping randomly (stuck).
 19790 | D:13     | 19790 ||| Stepping randomly (stuck).
 19791 | D:13     | 19791 ||| Stepping randomly (stuck).
 19792 | D:13     | 19792 ||| Stepping randomly (stuck).
 19793 | D:13     | 19793 ||| Stepping randomly (stuck).
 19794 | D:13     | 19794 ||| Stepping randomly (stuck).
 19795 | D:13     | 19795 ||| Stepping randomly (stuck).
 19796 | D:13     | 19796 ||| Stepping randomly (stuck).
 19797 | D:13     | 19797 ||| Stepping randomly (stuck).
 19798 | D:13     | 19798 ||| Stepping randomly (stuck).
 19799 | D:13     | 19799 ||| Stepping randomly (stuck).
 19800 | D:13     | 19800 ||| Stepping randomly (stuck).
 19801 | D:13     | 19801 ||| Stepping randomly (stuck).
 19802 | D:13     | 19802 ||| Stepping randomly (stuck).
 19803 | D:13     | 19803 ||| Stepping randomly (stuck).
 19804 | D:13     | 19804 ||| Stepping randomly (stuck).
 19805 | D:13     | 19805 ||| Stepping randomly (stuck).
 19807 | D:13     | 19807 ||| Stepping randomly (stuck).
 19819 | D:13     | 19819 ||| DROPPING +6 ring of intelligence.
 19984 | D:13     | 19984 ||| Stepping ~*~*~tactically~*~*~ (stealth).
 19985 | D:13     | 19985 ||| Stepping ~*~*~tactically~*~*~ (stealth).
 19988 | D:13     | Paralysed by something for 2 turns
 20004 | D:13     | HP: 20/96 [something (12)]
 20009 | D:13     | HP: 5/96 [something (19)]
 20009 | D:13     | Mangled by Rupert

Levels and vault maps discovered:
D:1:      scummos_arrival_forest, layout_loops_ring,
          dreamdust_ecumenical_altar_grove, serial_rivers,
          chequers_serial_rivers_micro_d, chequers_serial_rivers_small_a,
          chequers_serial_rivers_marsh, chequers_serial_rivers_small_b,
          chequers_serial_rivers_micro_e, st_stairs_11
D:2:      layout_loops_cross, basic_altar, minmay_misc_feat_chi
D:3:      layout_loops_ring, okawaru_trees_2, corexii_hall_statues_i,
          minmay_fractal_squares_gapless_5, uniq_crazy_yiuf_cottage
D:4:      layout_basic, nicolae_vehumet_altar_sigil, st_stairs_11
D:5:      layout_rooms, minmay_temple_entry_statues_fountains
D:6:      layout_loops_ring, cheibrodos_worm_habitat
D:7:      layout_basic, serial_glass, glass_columns_b, glass_columns_a,
          minmay_strange_pillars, due_unseen_surprise, uniq_prince_ribbit1
D:8:      kennysheep_kobold_camp, layout_basic, minmay_ruffians, uniq_maurice
D:9:      layout_basic, mainiacjoe_overflow_catwalk, kennysheep_mini,
          serial_shops, shop, nicolae_zen_rock_garden
D:10:     layout_basic, lemuel_round_altar, erik_lair_island,
          kb_lookout_dungeons_type, chequers_serial_rivers_room_b, uniq_harold
D:11:     layout_rooms, portal_ice_cave_entry_pillars_2,
          nicolae_take_the_stairs, uniq_fannar, uniq_lodul
D:12:     layout_loops_cross, corexii_corridor_pit, uniq_jorgrun
D:13:     layout_gridville, einodemon_crawler_minivault, uniq_nessos,
          uniq_rupert
Lair:1:   layout_cave_pods, beast_lair_carwin_5, grunt_megastairs_4,
          lemuel_fruit_fields, infiniplex_staircase_pool, serial_bayou_shore_a,
          lemuel_fruit_tree, uniq_nergalle
Lair:2:   layout_cave_pods, spider_nest_entry_web_field, beast_lair_carwin_2,
          grunt_megastairs_2
Lair:3:   layout_layer_cave, minmay_shoals_entry_beasts,
          maelrawn_ghost_gauntlet_escape, uniq_snorg
Lair:4:   gammafunk_worm_tunnel, layout_regular_city, dpeg_slime_entry_enclosed
Lair:5:   due_jungle_book, layout_concentric_octagons, lemuel_fruit_fields,
          serial_bayou_shore_b, grunt_megastairs_1

Skill      XL: |  1  2  3  4  5  6  7  8  9 10 11 12 13 14 15 |
---------------+----------------------------------------------+-----
Axes           | 2 3 4 5 6 8 9 10 11 12 14 15 16 | 16.0
Dodging        | 1 2 3 4 |  4.0
Fighting       | 4 5 7 8 10 11 12 | 12.1
Invocations    | 2 4 5 9 10 | 10.0
Armour         | 4 5 7 9 10 11 12 | 12.0
Throwing       | 3 4 5 6 |  6.0
Shields        | 5 6 7 8 |  8.0

Action                   |  1- 3 |  4- 6 |  7- 9 | 10-12 | 13-15 || total
-------------------------+-------+-------+-------+-------+-------++-------
Melee: War axe           |   102 |   181 |   238 |   436 |   765 ||  1722
       Hand axe          |       |       |       |    36 |       ||    36
Throw: Boomerang         |       |       |     2 |       |    35 ||    37
       Javelin           |       |       |     9 |    71 |   123 ||   203
Invok: Heroism           |       |     1 |    14 |    27 |    32 ||    74
       Finesse           |       |       |       |     3 |    11 ||    14
  Use: Scroll            |     2 |     8 |     7 |     9 |     7 ||    33
       Potion            |     1 |     3 |     3 |       |     1 ||     8
 Stab: Distracted        |       |       |       |       |     1 ||     1
Armor: Scale mail        |    37 |       |       |       |       ||    37
       Chain mail        |    36 |   130 |   116 |   149 |       ||   431
       Plate armour      |       |       |       |   140 |   430 ||   570
Dodge: Dodged            |    42 |    47 |    90 |   181 |   248 ||   608
Block: Buckler           |    12 |    35 |    63 |   175 |   227 ||   512
       Reflection        |       |       |       |       |     3 ||     3

Table legend:
 A = Non-vault XP
 B = Vault XP
 C = Vault XP percentage of total XP
 D = Non-vault monster count
 E = Vault monster count
 F = Vault count percentage of total count
                 A         B        C        D         E       F
            +---------+---------+-------+---------+---------+-------
      Total |   60843 |   35412 |  36.8 |     361 |     115 |  24.2
            +---------+---------+-------+---------+---------+-------
        D:1 |      22 |       7 |  24.1 |      14 |       4 |  22.2
        D:2 |      63 |       0 |   0.0 |      19 |       0 |   0.0
        D:3 |      59 |      10 |  14.5 |      24 |       6 |  20.0
        D:4 |      55 |     124 |  69.3 |      15 |       3 |  16.7
        D:5 |     755 |       0 |   0.0 |      18 |       0 |   0.0
        D:6 |     891 |       0 |   0.0 |      20 |       0 |   0.0
        D:7 |     438 |     259 |  37.2 |      12 |       1 |   7.7
        D:8 |    1156 |    1170 |  50.3 |      19 |      25 |  56.8
        D:9 |    1551 |       0 |   0.0 |      31 |       0 |   0.0
       D:10 |    3412 |    1755 |  34.0 |      17 |      10 |  37.0
       D:11 |    4946 |    2548 |  34.0 |      22 |      10 |  31.2
       D:12 |    9956 |    1877 |  15.9 |      19 |       1 |   5.0
       D:13 |    5139 |    3499 |  40.5 |      17 |       7 |  29.2
     Lair:1 |    3009 |    1714 |  36.3 |      17 |       8 |  32.0
     Lair:2 |    3031 |    1765 |  36.8 |      10 |       6 |  37.5
     Lair:3 |    7480 |    1741 |  18.9 |      26 |       3 |  10.3
     Lair:4 |    5803 |       0 |   0.0 |      15 |       0 |   0.0
     Lair:5 |   13077 |   18943 |  59.2 |      46 |      31 |  40.3
            +---------+---------+-------+---------+---------+-------
